 Dungeon Crawl Stone Soup version 0.17-a0-1404-gb8113a6 (webtiles) character file.

98 wvc the Twirler (level 4, 0/33 HPs)
             Began as a Mummy Gladiator on June 21, 2015.
             Was a Follower of Cheibriados.
             Slain by Sigmund
             ... wielding a +0 scythe
              (6 damage)
             ... on level 3 of the Dungeon.
             The game lasted 00:02:58 (1754 turns).

wvc the Twirler (Mummy Gladiator)                   Turns: 1754, Time: 00:02:59

Health: 0/33       AC:  7    Str: 21    XL:     4   Next: 43%
Magic:  4/4        EV: 12    Int: 11    God:    Cheibriados [*.....]
Gold:   82         SH:  0    Dex: 20    Spells: 0 memorised, 3 levels left

rFire  x . .     SeeInvis .     a - +1 quarterstaff
rCold  + . .     Clarity  .     e - +0 ring mail
rNeg   + + +     SustAt   .     (no shield)
rPois  ∞         Gourm    .     c - +1 helmet
rElec  .         Spirit   .     (no cloak)
rCorr  .         Warding  .     (no gloves)
rMut   .         Stasis   .     (no boots)
MR     .....                    (no amulet)
Stlth  ..........               (no ring)
                                i - +5 ring of dexterity

@: confused, very slow, not resistant to hostile enchantments, extremely
unstealthy
A: no food or potions, fire vulnerability, cold resistance 1, negative energy
resistance 3, torment resistance, unbreathing
a: Bend Time, Renounce Religion


You were on level 3 of the Dungeon.
You worshipped Cheibriados.
Cheibriados was aware of your devotion.
You were not hungry.

You visited 1 branch of the dungeon, and saw 3 of its levels.

You collected 82 gold pieces.

Inventory:

Hand weapons
 a - a +1 quarterstaff (weapon)
Missiles
 d - 3 throwing nets (quivered)
 j - 18 poisoned needles
Armour
 c - a +1 helmet (worn)
 e - a +0 ring mail (worn)
Jewellery
 i - a +5 ring of dexterity (left hand)
Scrolls
 b - a scroll of recharging
 f - a scroll of enchant armour
 m - 2 scrolls of magic mapping
Books
 k - a book of Frost

   Spells                             Type                      Level
   a - Freeze                         Ice                          1
   b - Throw Frost                    Conjuration/Ice              2
   c - Ozocubu's Armour               Charms/Ice                   3
   d - Throw Icicle                   Conjuration/Ice              4
   e - Summon Ice Beast               Ice/Summoning                4
   f - Condensation Shield            Ice                          4


   Skills:
 - Level 2.0 Fighting
 * Level 4.2 Staves
 - Level 1.5 Throwing
 + Level 0.7 Armour
 - Level 2.4 Dodging


You had 3 spell levels left.
You didn't know any spells.

Dungeon Overview and Level Annotations

Branches:
Dungeon (3/15)

Altars:
Cheibriados
Makhleb
Sif Muna
Vehumet

Annotations:
D:3 Sigmund


Innate Abilities, Weirdness & Mutations

You do not eat or drink.
Your flesh is vulnerable to fire.
You are immune to poison.
Your flesh is cold resistant.
You are immune to negative energy.
You are immune to unholy pain and torment.
You can survive without breathing.


Message History

Something tries to affect you, but you resist.
You miss something. Something hits you.
You closely miss something. Something hits you.
You barely miss something. Something hits you but does no damage.
You hit something. You hit something. Something hits you!
You bump into the rock wall.
You feel less confused.
Sigmund appears from thin air!
Reactivating autopickup.
Sigmund casts a spell at you.
You are confused.
Sigmund points at you and mumbles some strange words.
The magic dart hits you!
* * * LOW HITPOINT WARNING * * *
You see here a club.
You bump into the rock wall.
Sigmund closely misses you.
You bump into the rock wall.
Sigmund hits you from afar with a scythe.
You die...

##### ########### #...#
#.........# ####...# #########
#....<....#####......###........
#.............'........†........
#.......!..####....#####........
#..........# #....# #########
#..........###############......
#.........>....@.@............##
#....)....################.#....
#.........# #.#...#
#.........### ♣♣♣♣g..
########....# ♣≈≈≈♣.. ####.#
≈≈≈≈≈≈g≈≈#. +# ≈≈≈P≈≈≈≈≈..
≈≈≈≈≈P≈P≈P. ≈≈≈≈P≈≈≈≈≈♣


You could see Sigmund.

Vanquished Creatures
  Ijyb (D:2)
  2 adders (D:2)
  2 oozes
  A worm (D:3)
  3 giant geckos (D:1)
  A ball python (D:3)
  5 bats
  2 giant cockroaches
  6 hobgoblins
  A quokka (D:2)
  4 giant newts
  7 goblins
  3 kobolds (D:2)
  2 rats
40 creatures vanquished.

Notes
Turn   | Place    | Note
--------------------------------------------------------------
     0 | D:1      | wvc the Mummy Gladiator began the quest for the Orb.
     0 | D:1      | Reached XP level 1. HP: 16/16 MP: 1/1
   422 | D:1      | Reached skill level 3 in Staves
   422 | D:1      | Reached XP level 2. HP: 22/22 MP: 2/2
  1027 | D:2      | Found a deep blue altar of Sif Muna.
  1048 | D:2      | Found a snail-covered altar of Cheibriados.
  1056 | D:2      | Became a worshipper of Cheibriados the Contemplative
  1076 | D:2      | Noticed Ijyb
  1100 | D:2      | Killed Ijyb
  1100 | D:2      | Reached XP level 3. HP: 25/27 MP: 3/3
  1347 | D:2      | Reached XP level 4. HP: 33/33 MP: 4/4
  1431 | D:2      | Reached skill level 4 in Staves
  1492 | D:2      | Acquired Cheibriados's first power
  1566 | D:2      | Found a radiant altar of Vehumet.
  1583 | D:2      | Found a burning altar of Makhleb.
  1720 | D:3      | Noticed Sigmund
  1754 | D:3      | Slain by Sigmund

Vault maps used:
D:1:      dpeg_arrival_three_bigger_balls
D:2:      amethyst_overflow_temple_binary, led_sif_pool, cheibriados_altar_1,
          uniq_iyjb
D:3:      lemuel_doored_altar, serial_bayou_ford_a, uniq_sigmund

Action                   |  1- 3 |  4- 6 || total
-------------------------+-------+-------++-------
Melee: Quarterstaff      |    77 |    39 ||   116
  Use: Scroll            |       |     8 ||     8
